 Dungeon Sprint DCSS version 0.30.1-4-g462c640d31 (webtiles) character file.

Game seed: 6964730516748160992

4982 Heoruswealwe the Severer (level 10, -15/102 HPs)
             Began as a Hill Orc Fighter on Aug 24, 2023.
             Was the Champion of the Shining One.
             Demolished by Sonja
             ... wielding a +3 dagger of distortion
              (22 damage)
             ... in the Dungeon (Sprint I: "Red Sonja").
             The game lasted 00:20:10 (1981 turns).

Heoruswealwe the Severer (Hill Orc Fighter)         Turns: 1981, Time: 00:20:11

Health: -15/102    AC: 16    Str: 24    XL:     10   Next: 53%
Magic:  20/20      EV: 10    Int:  8    God:    the Shining One [******]
Gold:   102        SH:  4    Dex: 10    Spells: 9/9 levels left

rFire   . . .        a - +0 war axe
rCold   . . .        d - +0 buckler
rNeg    + + +        c - +3 ring mail {rPois}
rPois   +            g - +2 hat
rElec   .            h - +0 cloak
rCorr   .            (no gloves)
SInv    .            e - +0 pair of boots {Fly}
Will    .....        (no amulet) Stlth
                     (no ring)
HPRegen 0.37/turn    (no ring)
MPRegen 0.17/turn

%: no teleportation
@: flying, glowing
A: no striking features
a: Renounce Religion, Divine Shield, Cleansing Flame, Summon Divine Warrior,
Brand Weapon With Holy Wrath


You were in the Dungeon.
You worshipped the Shining One.
The Shining One was exalted by your worship.
You visited 1 branch You collected 817 gold pieces.
You spent 715 gold pieces at shops.

Inventory:

Hand Weapons
 a - a +0 war axe (weapon)
Armour
 c - a +3 ring mail of poison resistance (worn)
 d - a +0 buckler (worn)
 e - a +0 pair of boots of flying (worn)
 g - a +2 hat (worn)
 h - a +0 cloak (worn)
Wands
 k - a wand of digging (7)
 l - a wand of charming (2)
 m - a wand of mindburst (3)
Scrolls
 j - a scroll of blinking
 n - a scroll of identify
 q - a scroll of enchant weapon
 s - a scroll of poison
Potions
 b - a potion of might
 i - a potion of berserk rage


   Skills:
 + Level 13.6 Fighting
 * Level 19.8 Axes
 + Level 12.6 Armour
 - Level 3.2 Shields
 + Level 14.2 Invocations


You had 9 spell levels left.
You didn't know any spells.
Your spell library contained the following spells:

 Spells                   Type           Power      Damage    Failure   Level
 Blink                    Tloc           0%         N/A       73%         2
 Inner Flame              Hex/Fire       0%         N/A       91%         3
 Manifold Assault         Tloc           0%         N/A       100%        4
 Yara's Violent Unravell  Hex/Tmut       0%         3d3       100%        5
 Enfeeble                 Hex            0%         N/A       100%        7
 Storm Form               Tmut/Air       0%         N/A       100%        7


Dungeon Overview and Level Annotations

Branches:
Dungeon (1/1)

Altars:
Cheibriados
Dithmenos
Elyvilon
Fedhas
Gozag
Hepliaklqana
Kikubaaqudgha
Makhleb
Nemelex Xobeh
Okawaru
Qazlal
Ru
Sif Muna
Trog
Uskayaw
Vehumet
Wu Jian
Xom
Yredelemnul
Zin
The Shining One
Jiyva
Lugonu

Shops:
D ([:(?=(*=*?(**[[

Annotations:
D Sonja


Message History

* * * LOW HITPOINT WARNING * * *
You feel better.
Sonja bows elegantly.
You block Sonja's attack. Sonja hits you but does no damage.
Sonja hits you with a +3 dagger of distortion.
* * * LOW HITPOINT WARNING * * *
Space warps horribly around you!
* * * LOW HITPOINT WARNING * * *
Sonja hits you with a +3 dagger of distortion.
* * * LOW HITPOINT WARNING * * *
Sonja hits you but does no damage. Space warps around you.
* * * LOW HITPOINT WARNING * * *
Sonja barely misses you.
You are confused.
You feel invigorated.
Sonja gestures wildly while chanting.
Sonja blinks!
Sonja casts a spell.
Sonja blinks!
You feel less invigorated.
You feel less confused.
There is an open door here.
You start resting.
Sonja is nearby!
You reach down and close the door.
You start resting.
Sonja throws a curare-tipped dart.
The curare-tipped dart hits you. Sonja hits you but does no damage.
Space warps around you.
* * * LOW HITPOINT WARNING * * *
Sonja hits you but does no damage. Space warps around you.
* * * LOW HITPOINT WARNING * * *
Sonja hits you with a +3 dagger of distortion.
* * * LOW HITPOINT WARNING * * *
Space warps around you.
* * * LOW HITPOINT WARNING * * *
There is an open door here.
You miss Sonja.
Sonja is severely wounded.
Sonja hits you but does no damage. Space warps horribly around you!!
You die...

####'#####'#__####...+,,*,*,***,,
###..#...#.####[§#####,,+,*+*,***
__####..##.#§§§§§#..#*+****,,,*,*
_____##'#_.+~§~§.+..#,,,,,*,,,***
_.∩...÷..._#§§§§§#..#,,,,,+,,,,,*
_..__##_.#'##+#####'###,,,*,,,,,*
_____###+#[#(...###.+.#,,,***++**
########.####'###.###.#,,***,,***
,,,,,,+$.$'....K@(∩##.#,,****,,**
+++***#$.$###.#######.#*+*,,*,,*,
,,,,**##.###.......##§#*,*,,,,,,,
,,,,,*,#+*,#........§§#***,,,,,,,
,,,,,*,,,,,#'..######§#,,+,,,,,,*
,,,,,*,,,,,#..÷.....#§#****,,,***
,,*,,*######..÷....#+§#,,,*****,,
,,,,,*#?[?(..K....~####,,,,,,,,,*
,,,,,*#![....÷...~~#*,,,,,,,*****


You could see Sonja.

Vanquished Creatures
  2 centaur warriors (D)
  A deep troll (D)
  An oklob plant (D)
  2 unseen horrors (D)
  2 kobold demonologists (D)
  A hornet (D)
  A slime creature (D)
  Sigmund (D)
  A yak (D)
  2 redbacks (D)
  2 floating eyes (D)
  An ogre (D)
  7 necrophages (D)
  8 jellies (D)
  Ijyb (D)
33 creatures vanquished.

Notes
Turn   | Place    | Note
-------+----------+-------------------------------------------
     0 | D        | Heoruswealwe the Hill Orc Fighter began the quest for the
                  | Orb.
     0 | D        | Reached XP level 1. HP: 19/19 MP: 1/1
     1 | D        | Noticed Ijyb
    15 | D        | Killed Ijyb
    16 | D        | Reached skill level 5 in Axes
    16 | D        | Reached XP level 2. HP: 18/28 MP: 1/4
    16 | D        | Reached XP level 3. HP: 23/35 MP: 1/5
    63 | D        | Noticed an ogre
    67 | D        | Killed an ogre
    68 | D        | Reached skill level 8 in Axes
    68 | D        | Reached skill level 5 in Armour
    68 | D        | Reached skill level 5 in Invocations
    68 | D        | Reached XP level 4. HP: 34/44 MP: 5/7
   102 | D        | Noticed Sigmund
   108 | D        | Killed Sigmund
   109 | D        | Reached skill level 10 in Axes
   109 | D        | Reached XP level 5. HP: 48/52 MP: 7/10
   109 | D        | Reached XP level 6. HP: 56/60 MP: 7/11
   122 | D        | Found an ornate altar of the Wu Jian Council.
   122 | D        | Found a shimmering blue altar of Sif Muna.
   124 | D        | Found a radiant altar of Vehumet.
   153 | D        | Found Ylextugh's Weapon Emporium.
   153 | D        | Found an ancient bone altar of Kikubaaqudgha.
   153 | D        | Found a hazy altar of Hepliaklqana.
   153 | D        | Found a stormy altar of Qazlal.
   153 | D        | Found a hide-covered altar of Uskayaw.
   153 | D        | Found a blossoming altar of Fedhas.
   153 | D        | Found a bloodstained altar of Trog.
   153 | D        | Found an iron altar of Okawaru.
   153 | D        | Found a basalt altar of Yredelemnul.
   153 | D        | Found a glowing golden altar of the Shining One.
   153 | D        | Found a snail-covered altar of Cheibriados.
   153 | D        | Found a sacrificial altar of Ru.
   153 | D        | Found a glowing silver altar of Zin.
   153 | D        | Found a shadowy altar of Dithmenos.
   153 | D        | Found a white marble altar of Elyvilon.
   153 | D        | Noticed a yak
   164 | D        | Killed a yak
   165 | D        | Reached skill level 12 in Axes
   165 | D        | Found an opulent altar of Gozag.
   166 | D        | Found a sparkling altar of Nemelex Xobeh.
   172 | D        | Became a worshipper of the Shining One
   251 | D        | Found a burning altar of Makhleb.
   251 | D        | Found a viscous altar of Jiyva.
   251 | D        | Found a shimmering altar of Xom.
   251 | D        | Found a corrupted altar of Lugonu.
   251 | D        | Noticed a slime creature
   260 | D        | Killed a slime creature
   261 | D        | Reached XP level 7. HP: 49/70 MP: 13/13
   330 | D        | Noticed a kobold demonologist
   330 | D        | Reached * piety under the Shining One
   331 | D        | Noticed a kobold demonologist
   334 | D        | Reached skill level 13 in Axes
   337 | D        | Noticed an orange demon
   337 | D        | Killed a kobold demonologist
   337 | D        | Reached ** piety under the Shining One
   338 | D        | Reached skill level 10 in Fighting
   338 | D        | Reached skill level 14 in Axes
   338 | D        | Reached skill level 10 in Invocations
   338 | D        | Reached XP level 8. HP: 79/79 MP: 13/15
   345 | D        | Killed a kobold demonologist
   357 | D        | Noticed a centaur warrior
   358 | D        | Noticed a centaur warrior
   372 | D        | Killed a centaur warrior
   373 | D        | Reached skill level 16 in Axes
   373 | D        | Reached skill level 10 in Armour
   373 | D        | Reached XP level 9. HP: 24/89 MP: 15/17
   373 | D        | Killed a centaur warrior
   374 | D        | Reached skill level 17 in Axes
   387 | D        | Noticed a deep troll
   392 | D        | Killed a deep troll
   428 | D        | Found Ruell's Armour Emporium.
   544 | D        | Noticed a hornet
   544 | D        | Reached *** piety under the Shining One
   545 | D        | Paralysed by a hornet for 3 turns
   557 | D        | Killed a hornet
   558 | D        | Reached skill level 18 in Axes
   715 | D        | Noticed an oklob plant
  1247 | D        | Killed an oklob plant
  1248 | D        | Reached XP level 10. HP: 43/100 MP: 19/19
  1623 | D        | Noticed an unseen horror
  1624 | D        | Noticed an unseen horror
  1627 | D        | Killed an unseen horror
  1628 | D        | Reached skill level 19 in Axes
  1632 | D        | Killed an unseen horror
  1703 | D        | Reached **** piety under the Shining One
  1723 | D        | Reached ***** piety under the Shining One
  1740 | D        | Reached ****** piety under the Shining One
  1802 | D        | Found Poufeshul's Assorted Antiques.
  1802 | D        | Found Ijiqy's Armour Emporium.
  1802 | D        | Found Liohynn's General Store.
  1810 | D        | Found Etwuabb's Book Shoppe.
  1810 | D        | Found Yzutwas's Antique Armour Shop.
  1810 | D        | Found Xior's Antique Weapon Boutique.
  1819 | D        | Found Deojomuwn's Antique Weapon Boutique.
  1819 | D        | Found Icwyurphe's Magic Scroll Shoppe.
  1819 | D        | Found Haoffuh's Assorted Antiques.
  1819 | D        | Found Qoapikh's Jewellery Emporium.
  1819 | D        | Found Jisemn's General Store.
  1819 | D        | Found Woco's Weapon Shoppe.
  1819 | D        | Found Zaceul's Jewellery Shop.
  1821 | D        | Bought a +0 pair of boots of flying for 115 gold pieces
  1827 | D        | Bought a scroll labelled VODWEO LAXEVO for 29 gold pieces
  1827 | D        | Bought a scroll labelled GAFUGRUOCK for 29 gold pieces
  1827 | D        | Bought a silvery potion for 26 gold pieces
  1827 | D        | Bought a scroll labelled LOSHRY XEAC OTU for 29 gold pieces
  1828 | D        | Found Bamavviw's Magic Scroll Emporium.
  1830 | D        | Bought a scroll of identify for 26 gold pieces
  1830 | D        | Bought a scroll of identify for 26 gold pieces
  1831 | D        | Bought a scroll of identify for 64 gold pieces
  1831 | D        | Bought a yellow potion for 28 gold pieces
  1831 | D        | Bought a scroll labelled JIPHOPL OSAR for 32 gold pieces
  1833 | D        | Bought a scroll of identify for 24 gold pieces
  1836 | D        | Bought a scroll of identify for 20 gold pieces
  1836 | D        | Bought a scroll of identify for 20 gold pieces
  1836 | D        | Bought a scroll of identify for 20 gold pieces
  1876 | D        | Bought a +0 cloak for 45 gold pieces
  1887 | D        | Bought a glowing hat for 182 gold pieces
  1945 | D        | Noticed Sonja
  1969 | D        | HP: 5/102 [Sonja/+3 dagger of distortion (1)]
  1981 | D        | Demolished by Sonja

Illustrated notes

Levels and vault maps discovered:
D:        dungeon_sprint_1 [red_sonja_temple_1, red_sonja_temple_small_1]

Skill      XL: |  1  2  3  4  5  6  7  8  9 10 |
---------------+-------------------------------+-----
Fighting       | 4 6 7 9 10 11 12 13 | 13.6
Axes           | 5 8 10 12 14 16 18 19 | 19.8
Armour         | 4 5 6 8 9 10 11 12 | 12.6
Invocations    | 3 5 7 8 10 11 13 14 | 14.2
Shields        | |  3.2

Action                     |  1- 3 |  4- 6 |  7- 9 | 10-12 || total
---------------------------+-------+-------+-------+-------++-------
  Melee: War axe           |    16 |    26 |    57 |    50 ||   149
  Evoke: Wand              |     1 |       |       |     1 ||     2
    Use: Potion            |       |       |     3 |     3 ||     6
         Scroll            |       |       |       |     8 ||     8
 Armour: Scale mail        |     4 |       |       |       ||     4
         Ring mail         |       |     2 |    21 |    23 ||    46
  Dodge: Dodged            |     4 |     5 |    19 |    21 ||    49
  Block: Buckler           |     3 |     6 |    10 |     7 ||    26
